 Dungeon Crawl Stone Soup version 0.26.0-3-g156281e41b (webtiles) character file.

Game seed: 9256521524094232897

1622 trckry the Skirmisher (level 8, -2/97 HPs)
             Began as a Demonspawn Wanderer on Jan 9, 2021.
             Slain by an ogre
             ... wielding a +0 giant spiked club
              (11 damage)
             ... on level 5 of the Dungeon.
             The game lasted 00:13:51 (6659 turns).

trckry the Skirmisher (Demonspawn Wanderer)         Turns: 6659, Time: 00:13:52

Health: -2/97      AC: 13    Str: 15    XL:     8   Next: 65%
Magic:  8/8        EV:  6    Int: 12    God:
Gold:   254        SH:  0    Dex: 14    Spells: 7/7 levels left

rFire    + + .     SeeInvis .   r - +1 quarterstaff
rCold    . . .     Faith    .   (shield currently unavailable)
rNeg     . . .     Spirit   .   g - +0 plate armour
rPois    +         Reflect  .   (no helmet)
rElec    +         Harm     .   i - +0 cloak
rCorr    +         Rampage  .   (no gloves)
Will     .....                  (no boots)
Stlth    ..........             (no amulet)
HPRegen  0.26/turn              q - ring of fire
MPRegen  0.11/turn              (no ring)

@: berserking, resistant, very quick
A: hooves 1, powered by pain 1, spiny 1
a: no special abilities


You were on level 5 of the Dungeon.
You visited 2 branches of the dungeon, and saw 6 of its levels.

You collected 254 gold pieces.

Inventory:

Hand Weapons
 r - a +1 quarterstaff (weapon)
Armour
 g - a +0 plate armour (worn)
 i - a +0 cloak (worn)
Jewellery
 q - a ring of fire (left hand)
Scrolls
 b - a scroll of blinking
 d - 3 scrolls of remove curse
 e - 3 scrolls of identify
 h - a scroll of fog
 m - a scroll of noise {unknown}
Potions
 a - 2 potions of heal wounds {unknown}
 f - 2 potions of flight
 j - 2 potions of might
 k - a potion of brilliance


   Skills:
 + Level 6.5 Fighting
 - Level 1.0(2.0) Polearms
 - Level 2.6(2.8) Staves
 + Level 5.9 Armour
 + Level 5.4 Dodging
 - Level 1.7 Stealth
 - Level 1.7 Shields


You had 7 spell levels left.
You didn't know any spells.
Your spell library was empty.

Dungeon Overview and Level Annotations

Branches:
Dungeon (5/15)             Temple (1/1) D:4

Altars:
Cheibriados
Dithmenos
Hepliaklqana
Qazlal
Sif Muna
Trog
Uskayaw
Vehumet
Wu Jian
Xom


Innate Abilities, Weirdness & Mutations

You have large cloven feet.
You sometimes gain a little power by taking damage.
You are partially covered in sharp spines.


Message History

You throw a throwing net.
The throwing net barely misses the ogre.
Your plate armour prevents you from hitting the ogre.
The ogre is struck by your spines.
The ogre hits you with a +0 giant spiked club!
You hit the ogre. You kick the ogre.
The ogre is moderately wounded.
The ogre is struck by your spines.
The ogre hits you with a +0 giant spiked club!
* * * LOW HITPOINT WARNING * * *
It was a potion of resistance.
You feel protected.
You hit the ogre but do no damage. You kick the ogre.
The ogre is severely wounded.
The ogre hits you with a +0 giant spiked club!
* * * LOW HITPOINT WARNING * * *
A red film seems to cover your vision as you go berserk!
You feel yourself moving faster!
You feel mighty!
The ogre hits you with a +0 giant spiked club!
You die...

##.#...............†......†...#
.........)....................#
#............(...............##
#.............)...†.)........
#..................<..†.....#
#...........................#
#............................
#.......................(....
#..........W@..............#.
#..........O...............##
#..........................#
#..........................#
#..........................#
#...................
#...................
#...................
#..................


You could see a phantom and an ogre.

Vanquished Creatures
  Pikel (D:4)
  Grinder (D:3)
  Duvessa (D:4)
  An orc warrior (D:4)
  A sky beast (D:5)
  A lemure (D:3)
  A scorpion (D:4)
  Dowan (D:4)
  A centaur zombie (D:4)
  3 orc priests (D:4)
  A bullfrog skeleton (D:4)
  2 iguanas (D:4)
  An orc wizard (D:4)
  Terence (D:2)
  A worker ant (D:3)
  4 gnolls
  14 adders
  A white imp (D:5)
  2 oozes
  5 worms
  5 leopard geckos
  5 orcs (D:4)
  4 bats
  4 giant cockroaches
  12 goblins
  10 hobgoblins
  7 jackals (D:2)
  6 quokkas
  A ball python (D:4)
  3 frilled lizards
  A jackal skeleton (D:4)
  7 kobolds
  A quokka skeleton (D:4)
  6 rats
116 creatures vanquished.

Notes
Turn   | Place    | Note
-------+----------+-------------------------------------------
     0 | D:1      | trckry the Demonspawn Wanderer began the quest for the Orb.
     0 | D:1      | trckry set off with the following items: a +2 dagger, a
                  | scroll of blinking, a potion of lignification, a potion of
                  | curing, a +0 robe
     0 | D:1      | Reached XP level 1. HP: 13/13 MP: 1/1
   560 | D:1      | Reached skill level 1 in Fighting
   566 | D:1      | Gained mutation: You have large cloven feet. [demonic
                  | ancestry]
   566 | D:1      | Reached XP level 2. HP: 10/21 MP: 2/2
   727 | D:1      | Reached skill level 1 in Armour
  1215 | D:2      | Reached XP level 3. HP: 22/27 MP: 3/3
  1515 | D:2      | Reached skill level 2 in Fighting
  1901 | D:2      | Noticed Terence
  1961 | D:2      | Killed Terence
  1962 | D:2      | Gained mutation: You sometimes gain a little power by
                  | taking damage. [demonic ancestry]
  1962 | D:2      | Reached XP level 4. HP: 22/34 MP: 4/4
  2417 | D:2      | Reached skill level 3 in Fighting
  2829 | D:2      | Reached XP level 5. HP: 33/41 MP: 5/5
  4148 | D:3      | Found a shimmering blue altar of Sif Muna.
  4186 | D:3      | Noticed Grinder
  4198 | D:3      | Killed Grinder
  4199 | D:3      | Reached skill level 4 in Fighting
  4199 | D:3      | Reached XP level 6. HP: 49/49 MP: 6/6
  4630 | D:4      | Gained mutation: You are partially covered in sharp spines.
                  | [demonic ancestry]
  4630 | D:4      | Reached XP level 7. HP: 44/55 MP: 7/7
  4931 | D:4      | Found a staircase to the Ecumenical Temple.
  4937 | Temple   | Entered the Ecumenical Temple
  5188 | D:4      | Noticed Pikel
  5189 | D:4      | Noticed Duvessa
  5379 | D:4      | Reached skill level 5 in Fighting
  5762 | D:4      | Noticed Dowan
  5767 | D:4      | Killed Duvessa
  5784 | D:4      | Killed Dowan
  6049 | D:4      | Killed Pikel
  6050 | D:4      | Reached skill level 6 in Fighting
  6050 | D:4      | Reached skill level 5 in Armour
  6050 | D:4      | Reached skill level 5 in Dodging
  6050 | D:4      | Reached XP level 8. HP: 60/64 MP: 8/8
  6458 | D:5      | Entered Level 5 of the Dungeon
  6659 | D:5      | Slain by an ogre

Illustrated notes

Levels and vault maps discovered:
D:1:      shiori_shiawase, layout_loops_corners, palyth_stone_intersect,
          minmay_misc_feat_x
D:2:      layout_basic, uniq_terence
D:3:      layout_loops_cross, nicolae_overflow_hidden_temple, uniq_grinder
D:4:      layout_basic, minmay_temple_entry_hall, minmay_misc_feat_roman,
          minivault_24, uniq_duvessa, uniq_pikel
D:5:      layout_basic, portal_sewer_entry_b, uniq_sigmund, uniq_blork_the_orc,
          uniq_ijyb
Temple:   jpeg_temple_island

Skill      XL: |  1  2  3  4  5  6  7 |
---------------+----------------------+-----
Fighting       | 1 2 3 4 6 |  6.5
Armour         | 1 2 3 4 5 |  5.9
Dodging        | 3 5 |  5.4
Polearms       | |  1.0
Staves         | |  2.6
Stealth        | |  1.7
Shields        | |  1.7

Action                   |  1- 3 |  4- 6 |  7- 9 || total
-------------------------+-------+-------+-------++-------
Melee: Dagger            |   139 |    83 |       ||   222
       Kick              |    16 |    60 |    31 ||   107
       Quarterstaff      |       |   139 |   100 ||   239
       Rapier            |       |    13 |       ||    13
Throw: Throwing net      |       |       |     1 ||     1
  Use: Potion            |     2 |     7 |     2 ||    11
       Scroll            |       |     7 |       ||     7
 Stab: Sleeping          |     4 |     1 |       ||     5
Armor: Robe              |    16 |    10 |       ||    26
       Skin              |    29 |     5 |       ||    34
       Chain mail        |       |   108 |    21 ||   129
       Plate armour      |       |       |    21 ||    21
Dodge: Dodged            |    53 |    96 |    31 ||   180
